 Dungeon Crawl Stone Soup version 0.30.1-6-gbe392663c4 (webtiles) character file.

Game seed: 6693056316308722056

1578 Ivernyr the Twirler (level 9, -2/69 HPs)
             Began as a Formicid Fighter on Sept 20, 2023.
             Was a Priest of Wu Jian.
             Succumbed to a killer bee's poison
             ... on level 7 of the Dungeon.
             The game lasted 00:10:20 (5330 turns).

Ivernyr the Twirler (Formicid Fighter)              Turns: 5330, Time: 00:10:21

Health: -2/69      AC:  8    Str: 24    XL:     9   Next: 14%
Magic:  9/9        EV: 11    Int:  9    God:    Wu Jian [***...]
Gold:   281        SH: 10    Dex: 13    Spells: 8/8 levels left

rFire   + . .        a - +8 mace of the Supporting Saviour {flame, Stlth+}
rCold   + + .        c - +0 buckler
rNeg    . . .        b - +0 scale mail
rPois   +            (helmet unavailable)
rElec   +            (no cloak)
rCorr   +            (no gloves)
SInv    +            f - +0 pair of boots
Will    .....        i - amulet of reflection
Stlth   +            s - ring of resist corrosion
HPRegen 0.31/turn    w - ring of protection from cold
MPRegen 0.11/turn

%: reflection
@: lethally poisoned (-2 -> -13), resistant, flying
A: permanent stasis, dig shafts and tunnels, antennae 3, four strong arms
a: Dig, Shaft Self, Renounce Religion, Wall Jump, Serpent's Lash


You were on level 7 of the Dungeon.
You worshipped Wu Jian.
Wu Jian was most pleased with you.
You visited 1 branch of the dungeon, and saw 7 of its levels.
You also visited: Ossuary.

You collected 281 gold pieces.

Inventory:

Hand Weapons
 a - the +8 mace of the Supporting Saviour (weapon) {flame, Stlth+}
   (You took it off a kobold on level 3 of the Dungeon)

   Stlth:     It makes you more stealthy.
Missiles
 C - 2 throwing nets
Armour
 b - a +0 scale mail (worn)
 c - a +0 buckler (worn)
 f - a +0 pair of boots (worn)
Jewellery
 i - an amulet of reflection (around neck)
 s - a ring of resist corrosion (left hand)
 w - a ring of protection from cold (right hand)
Wands
 x - a wand of quicksilver (11)
 y - a wand of charming (17)
 A - a wand of flame (11)
 F - a wand of polymorph (16)
Scrolls
 e - 4 scrolls of teleportation {unknown}
 h - a scroll of enchant armour {unknown}
 j - 3 scrolls of immolation {unknown}
 l - 2 scrolls of noise {unknown}
 m - 9 scrolls of identify {unknown}
 n - a scroll of magic mapping {unknown}
 q - a scroll of silence {unknown}
 r - 2 scrolls of enchant weapon {unknown}
 H - a scroll of amnesia {unknown}
 I - a scroll of brand weapon {unknown}
Potions
 d - 3 potions of might
 g - 3 potions of flight
 k - 2 potions of mutation {unknown}
 o - 3 potions of heal wounds {unknown}
 p - 3 potions of resistance
 t - 3 potions of invisibility {unknown}
 u - a potion of lignification {unknown}
 v - a potion of magic {unknown}
 z - 3 potions of brilliance
 B - 2 potions of curing {unknown}
 D - a potion of attraction {unknown}
 E - 2 potions of berserk rage {unknown}
 G - a potion of degeneration {unknown}


   Skills:
 + Level 6.2 Fighting
 * Level 7.1 Staves
 + Level 6.3 Armour
 + Level 4.1 Dodging
 - Level 4.3 Shields


You had 8 spell levels left.
You didn't know any spells.
Your spell library contained the following spells:

 Spells                   Type           Power      Damage    Failure   Level
 Lesser Beckoning         Tloc           0%         N/A       86%         2
 Momentum Strike          Conj/Tloc      0%         3d8       86%         2
 Frozen Ramparts          Ice            0%         1d1       97%         3
 Ice Form                 Ice/Tmut       0%         N/A       100%        4
 Manifold Assault         Tloc           0%         N/A       100%        4
 Summon Ice Beast         Ice/Summ       0%         N/A       100%        4
 Dispersal                Tloc           0%         N/A       100%        6
 Disjunction              Tloc           0%         N/A       100%        8
 Blink                    Tloc           Unusable   N/A       N/A         2

Dungeon Overview and Level Annotations

Branches:
Dungeon (7/15)             Temple (0/1) D:4         Ossuary (visited)

Altars:
Trog
Uskayaw
Wu Jian
The Shining One


Innate Abilities, Weirdness & Mutations

You cannot be hasted, slowed, berserked, paralysed or teleported.
You can dig through walls and to a lower floor.
You have a pair of large antennae on your head. (SInv)
Your four strong arms can wield two-handed weapons with a shield.


Message History

Your Staves skill increases to level 7!
Your Dodging skill increases to level 4!
You sock the killer bee! You burn the killer bee.
You kill the killer bee!
The Council accepts your kill. You block the killer bee's attack.
You sock the killer bee! You burn the killer bee.
You kill the killer bee!
The Council accepts your kill. The orc hits you with a +0 flail.
You barely miss the orc.
The orc is severely wounded.
The orc priest calls upon Beogh to heal the orc.
The orc's wounds heal themselves!
The orc hits you with a +0 flail.
You hit the orc. You burn the orc.
You kill the orc!
The Council accepts your kill.
You can now briefly move at supernatural speeds.
The killer bee stings you.
* * * LOW HITPOINT WARNING * * *
You are poisoned.
The killer bee poisons you!
You hit the killer bee. You burn the killer bee.
The killer bee is moderately wounded.
You feel sick. You block the killer bee's attack. The killer bee misses you.
The orc priest calls down the wrath of Beogh upon you.
Beogh smites you!
* * * LOW HITPOINT WARNING * * *
The killer bee stings you but does no damage.
It was a potion of flight.
You feel very buoyant.
You fly up into the air.
* * * LOW HITPOINT WARNING * * *
You feel sick. You block the killer bee's attack. The killer bee stings you.
* * * LOW HITPOINT WARNING * * *
You are more poisoned.
The killer bee poisons you!
It was a potion of resistance.
You feel protected.
You die...

.................#
............).....#
...#.......†......#
...######.##......#
..........#...########
........#....# ......
.............##.......
......###.............
##...@yo............
.....####.............
... ##.#.......... .
...#).........
..####.......... ...
#.......#. ..
#............. .
...............
................


You could see a killer bee and an orc priest.

Vanquished Creatures
  A sky beast (D:6)
  A centaur (D:7)
  Blork the orc (D:4)
  2 bullfrogs (D:7)
  A scorpion (D:6)
  2 water moccasin zombies (Ossuary)
  3 killer bees (D:7)
  A howler monkey (D:6)
  A jelly (D:5)
  3 orc priests
  4 gnoll boudas
  3 hounds
  2 iguanas
  A sleepcap (D:5)
  An orc wizard (D:4)
  3 mummies
  6 adders
  17 gnolls
  A white imp (D:5)
  2 ufetubi (D:6)
  8 adder zombies (Ossuary)
  2 worms (D:3)
  6 dart slugs
  11 orcs
  11 endoplasms
  3 giant cockroaches
  6 hobgoblins
  8 jackals
  4 kobolds
  5 quokkas
  8 ball pythons
  3 bats
  3 frilled lizards (D:1)
  4 gnoll zombies (Ossuary)
  10 goblins
  2 hobgoblin zombies (Ossuary)
  5 kobold zombies (Ossuary)
  3 orc zombies (Ossuary)
  5 rats
163 creatures vanquished.

Notes
Turn   | Place    | Note
-------+----------+-------------------------------------------
     0 | D:1      | Ivernyr the Formicid Fighter began the quest for the Orb.
     0 | D:1      | Reached XP level 1. HP: 18/18 MP: 1/1
   103 | D:1      | Reached XP level 2. HP: 24/24 MP: 2/2
   403 | D:1      | Reached XP level 3. HP: 28/29 MP: 3/3
   752 | D:1      | Found a faded altar of an unknown god.
  1020 | D:2      | Reached XP level 4. HP: 37/37 MP: 4/4
  1106 | D:2      | Reached skill level 3 in Staves
  1787 | D:3      | Reached skill level 1 in Dodging
  1827 | D:3      | Identified the +8 mace of the Supporting Saviour {flame,
                  | Stlth+}
  2148 | D:3      | Reached XP level 5. HP: 42/42 MP: 5/5
  2458 | D:4      | Reached XP level 6. HP: 9/48 MP: 6/6
  2690 | D:4      | Reached skill level 4 in Staves
  2747 | D:4      | Found an ornate altar of the Wu Jian Council.
  2770 | D:4      | Noticed a spectral centipede
  2770 | D:4      | Noticed a spectral black mamba
  2770 | D:4      | Noticed a spectral cane toad
  2771 | D:4      | Became a worshipper of the Wu Jian Council
  2800 | D:4      | Found a glowing golden altar of the Shining One.
  2940 | D:4      | Noticed Blork the orc
  2947 | D:4      | Killed Blork the orc
  3329 | D:4      | Found a staircase to the Ecumenical Temple.
  3357 | D:4      | Reached XP level 7. HP: 55/55 MP: 7/7
  3530 | D:5      | Entered Level 5 of the Dungeon
  3708 | D:5      | Found a sand-covered staircase.
  3715 | Ossuary  | Entered an ossuary
  3732 | Ossuary  | Reached * piety under Wu Jian
  3776 | Ossuary  | Reached skill level 5 in Staves
  3803 | Ossuary  | Reached skill level 5 in Armour
  3848 | Ossuary  | Reached skill level 5 in Fighting
  3974 | D:5      | Found a bloodstained altar of Trog.
  3982 | D:5      | Reached ** piety under Wu Jian
  4179 | D:5      | Reached XP level 8. HP: 52/62 MP: 8/8
  4279 | D:5      | Found a hide-covered altar of Uskayaw.
  4687 | D:6      | Reached skill level 6 in Staves
  5316 | D:7      | Reached XP level 9. HP: 36/69 MP: 9/9
  5324 | D:7      | Reached skill level 7 in Staves
  5327 | D:7      | Reached *** piety under Wu Jian
  5329 | D:7      | HP: 1/69 [killer bee (3)]
  5330 | D:7      | Succumbed to a killer bee's poison

Illustrated notes

Levels and vault maps discovered:
D:1:      grunt_arrival_crossed_arrows, layout_loops_corners,
          shapermc_ecumenical_altar_petra, minmay_strange_pillars,
          serial_bayou_crossing
D:2:      layout_loops_ring
D:3:      layout_rooms
D:4:      layout_gridville, tso_altar, pdpol_wu_jian_five_deadly_venoms,
          minmay_temple_entry_proselytizer, uniq_blork_the_orc
D:5:      layout_loops_ring, mainiacjoe_overflow_alcove_4,
          trog_three_pillars_becter, gup_ossuary_entry_pyramid
D:6:      layout_rooms
D:7:      layout_basic, mainiacjoe_overflow_boulevard

Skill      XL: |  1  2  3  4  5  6  7  8  9 |
---------------+----------------------------+-----
Staves         | 3 4 5 6 7 |  7.1
Dodging        | 1 2 3 4 |  4.1
Armour         | 4 5 6 |  6.3
Fighting       | 4 5 6 |  6.2
Shields        | |  4.3

Action                     |  1- 3 |  4- 6 |  7- 9 || total
---------------------------+-------+-------+-------++-------
  Melee: Quarterstaff      |    90 |    57 |       ||   147
         Mace              |       |    65 |   207 ||   272
Ability: Lunge             |       |     2 |    13 ||    15
         Whirlwind         |       |       |    12 ||    12
    Use: Potion            |       |       |     2 ||     2
 Armour: Scale mail        |    36 |    32 |    64 ||   132
  Dodge: Dodged            |    31 |    32 |    92 ||   155
  Block: Buckler           |    19 |    66 |   109 ||   194
         Reflection        |       |     4 |     2 ||     6
